[Event "Titled Tuesday Blitz December 06 Early 2022"]
[White "Bon, Michael"]
[Black "Danielyan, Vahe"]
[WhiteFideId "620696"]
[BlackFideId "13304828"]
[WhiteElo "2392"]
[BlackElo "2423"]
[Result "0-1"]
[Round "05"]
[TimeControl "180+1"]
[Date "2022.12.07"]
[WhiteClock "0:00:05"]
[BlackClock "0:01:40"]

1. e4 d6 2. d4 Nf6 3. Nc3 e5 4. Nf3 Nbd7 5. g4 Nxg4 6. Rg1 Ngf6 7. Bc4 exd4 8. Qxd4 c6 9. Bf4 Qb6 10. Qd2 Nc5 11. Ng5 Be6 12. Nxe6 Nxe6 13. Be3 Qb4 14. Bxe6 fxe6 15. e5 dxe5 16. O-O-O Nd5 17. h3 O-O-O 18. Rg4 Qe7 19. Bg5 Nf6 20. Qe2 Rxd1+ 21. Qxd1 Qd6 22. Qxd6 Bxd6 23. Ra4 a6 24. Ne4 Nxe4 25. Rxe4 Rf8 26. Be3 Kd7 27. Kd2 Rf5 28. Ke2 b5 29. f3 Be7 30. Kf2 Bg5 31. Bc5 Be7 32. Be3 g5 33. b3 h5 34. Kg3 c5 35. Bc1 Kc6 36. Bb2 Bd6 37. Kg2 Rf4 38. Kg3 Kd5 39. c4+ bxc4 40. bxc4+ Kc6 41. Kf2 Kb6 42. Ke3 Ka5 43. Bc3+ Ka4 44. Bxe5 Rxe4+ 0-1


[Site "https://www.chess.com"]

[Event "Titled Tuesday Blitz December 06 Early 2022"]
[White "Boros, Denes"]
[Black "Vlassov, Nikolai"]
[WhiteFideId "722340"]
[BlackFideId "4103360"]
[WhiteElo "2464"]
[BlackElo "2324"]
[Result "0-1"]
[Round "05"]
[TimeControl "180+1"]
[Date "2022.12.07"]
[WhiteClock "0:00:02"]
[BlackClock "0:00:08"]

1. e4 c5 2. Nc3 g6 3. d4 cxd4 4. Qxd4 Nf6 5. Nge2 Nc6 6. Qd3 Bg7 7. Nd5 O-O 8. c3 e6 9. Nxf6+ Qxf6 10. h4 d5 11. Bg5 Qe5 12. f3 dxe4 13. fxe4 h6 14. Bf4 Qc5 15. Bd6 Rd8 16. Bxc5 Rxd3 17. Nd4 Bxd4 18. Bxd4 Rg3 19. Kf2 Rg4 20. Rd1 e5 21. Be3 Rxe4 22. Bd3 Ra4 23. Bxh6 Rxa2 24. Rd2 Bg4 25. Kg3 Bf5 26. Bb5 Rd8 27. Re2 Bd3 28. Bxd3 Rxd3+ 29. Kf2 f5 30. h5 Kf7 31. Bg5 gxh5 32. Be3 Kg6 33. Rh4 f4 34. Bc5 b6 35. Ba3 Kg5 36. Rh1 h4 37. Rhe1 Kg4 38. Kg1 h3 39. Kh2 hxg2 40. Rxg2+ Rg3 41. Rxg3+ fxg3+ 42. Kg2 b5 43. Re4+ Kf5 44. Re2 a5 45. Bc5 b4 46. c4 a4 47. Kxg3 a3 48. Rf2+ Ke4 49. bxa3 Rxf2 50. Kxf2 b3 51. Bd4 exd4 0-1


[Site "https://www.chess.com"]

[Event "Titled Tuesday Blitz December 06 Early 2022"]
[White "Bortnyk, Olexandr"]
[Black "Mikhailovsky, Vladimir"]
[WhiteFideId "14120828"]
[BlackFideId "34105414"]
[WhiteElo "2723"]
[BlackElo "2295"]
[Result "1-0"]
[Round "05"]
[TimeControl "180+1"]
[Date "2022.12.06"]
[WhiteClock "0:00:43"]
[BlackClock "0:00:01"]

1. e4 Nf6 2. e5 Nd5 3. d4 d6 4. c4 Nb6 5. f4 Bf5 6. Nc3 dxe5 7. fxe5 e6 8. Nf3 Bb4 9. Bd3 Bxd3 10. Qxd3 c5 11. O-O cxd4 12. Ne4 Be7 13. Nfg5 Rf8 14. Nxh7 Rh8 15. Nhg5 Rf8 16. c5 Nd5 17. Nd6+ Bxd6 18. exd6 Nc6 19. Nxe6 fxe6 20. Qg6+ Kd7 21. Bg5 Qe8 22. Qxg7+ Nce7 23. dxe7 Rxf1+ 24. Rxf1 Kc6 1-0


[Site "https://www.chess.com"]

[Event "Titled Tuesday Blitz December 06 Early 2022"]
[White "Boyer, Mahel"]
[Black "Zhigalko, Sergei"]
[WhiteFideId "45102422"]
[BlackFideId "13502956"]
[WhiteElo "2455"]
[BlackElo "2662"]
[Result "1-0"]
[Round "05"]
[TimeControl "180+1"]
[Date "2022.12.06"]
[WhiteClock "0:00:04"]
[BlackClock "0:00:02"]

1. d4 Nf6 2. c4 e6 3. Nf3 b6 4. a3 Ba6 5. Qc2 Bb7 6. Nc3 c5 7. d5 exd5 8. cxd5 Nxd5 9. e4 Nxc3 10. Qxc3 Bxe4 11. Bc4 Qf6 12. Ne5 Bg6 13. Bd5 Nc6 14. Nxc6 Qxc3+ 15. bxc3 Bd6 16. Na5 Be5 17. Kd2 O-O-O 18. Nc4 Bc7 19. Kd1 b5 20. Ne3 Be5 21. Bd2 Rhe8 22. Kc1 Kc7 23. Rd1 h5 24. Ra2 a5 25. Bf3 Kb6 26. Nd5+ Ka7 27. Be3 d6 28. a4 b4 29. cxb4 axb4 30. Nxb4 Kb6 31. a5+ Kc7 32. Nd5+ Kd7 33. Nb6+ Ke6 34. Bd5+ Kf5 35. a6 Rb8 36. Bb7 Re7 37. Nd5 Rexb7 38. axb7 Rxb7 39. f3 Ke6 40. Rc2 Bxc2 41. Kxc2 Rb2+ 42. Kc1 Rxg2 43. f4 Bd4 44. Nc7+ Kd7 45. Bxd4 Kxc7 46. Bc3 Rxh2 47. Bxg7 h4 48. Bf8 h3 49. Bxd6+ Kc6 50. f5 Rf2 51. Bb8 Rxf5 52. Rh1 Rf3 53. Kd2 Rb3 54. Bf4 Kd5 55. Kc2 c4 56. Bd2 f5 57. Bc3 Ra3 58. Rxh3 Ke4 59. Rh4+ f4 60. Bd2 Ra2+ 61. Kc3 Ra3+ 62. Kxc4 Rf3 63. Bc1 Rf1 64. Bd2 Rf2 65. Kc3 Rf3+ 66. Kc2 Rf2 67. Kd1 Rf3 68. Ke2 Rb3 69. Rxf4+ Ke5 70. Ra4 Kd5 71. Kd1 Rb5 72. Kc2 Rc5+ 73. Bc3 Rb5 74. Kd3 Kc5 75. Rh4 Kd5 76. Rh5+ Kc6 77. Rh6+ Kd5 78. Rg6 Kc5 79. Bd4+ Kd5 80. Rg5+ Kc6 81. Rg7 Kd5 82. Rd7+ Kc6 83. Rd8 Kc7 84. Rg8 Kc6 85. Kc4 Rd5 86. Rg6+ Rd6 87. Rg7 Re6 88. Rh7 Rd6 89. Be5 Re6 90. Kd4 Rg6 91. Rc7+ Kb6 92. Rc1 Rg4+ 93. Kd5 Rb4 94. Bd4+ Kb7 95. Bc5 Rb5 96. Rh1 Rb2 97. Rh7+ Kc8 98. Kc6 Rd2 99. Bd6 Rc2+ 100. Bc5 Rd2 101. Rc7+ Kb8 102. Rb7+ Kc8 103. Rc7+ Kb8 104. Rg7 Kc8 105. Ra7 Kb8 106. Ra3 Rb2 107. Bd6+ Kc8 108. Ra8+ 1-0


[Site "https://www.chess.com"]

[Event "Titled Tuesday Blitz December 06 Early 2022"]
[White "Buksa, Nataliya"]
[Black "Xie, Bryan"]
[WhiteFideId "14123622"]
[BlackFideId "30941296"]
[WhiteElo "2303"]
[BlackElo "2033"]
[Result "1-0"]
[Round "05"]
[TimeControl "180+1"]
[Date "2022.12.07"]
[WhiteClock "0:00:18"]
[BlackClock "0:00:06"]

1. d4 Nf6 2. Nc3 d5 3. Bf4 Bf5 4. e3 e6 5. Nf3 Bd6 6. Bd3 O-O 7. O-O Nc6 8. Ne2 Ne7 9. Ng3 Bxd3 10. Qxd3 Ng6 11. Bxd6 Qxd6 12. c3 Rfe8 13. e4 Nf4 14. Qe3 dxe4 15. Nxe4 Nxe4 16. Qxe4 c6 17. Rfe1 Rad8 18. Rad1 Ng6 19. h4 Qd5 20. Qxd5 exd5 21. g3 Kf8 22. h5 Ne7 23. g4 Nc8 24. Nd2 Nd6 25. Kg2 Rxe1 26. Rxe1 Re8 27. Re5 f6 28. Rxe8+ Kxe8 29. f4 h6 30. Kf3 Ke7 31. b3 Nb5 32. Nb1 a5 33. a4 Nd6 34. Nd2 Ke6 35. f5+ Ke7 36. Ke3 b5 37. Kd3 Kd7 38. Ke3 Ke7 39. Ke2 Kd7 40. Kd3 Kc7 41. c4 dxc4+ 42. bxc4 bxa4 43. Kc3 Nb7 44. Kb2 c5 45. d5 Kd6 46. Nf3 Kc7 47. Ka3 Nd6 48. Nd2 Kb6 49. Kxa4 Ka6 50. Kb3 Kb6 51. Nf1 a4+ 52. Kc3 a3 53. Ne3 Ka5 54. Kb3 a2 55. Nc2 Kb6 56. Kxa2 Nxc4 57. Kb3 Ne5 58. Ne3 Kb5 59. Kc3 Nf7 60. Nc4 Ka6 61. Kc2 Kb7 62. Kd3 Kc7 63. Kc3 Kd7 64. Kb3 Ng5 65. Ka4 Nf3 66. Kb5 Nh2 67. Kxc5 Nxg4 68. d6 Ne5 69. Nb6+ Kd8 70. Kd5 Nd7 71. Nxd7 Kxd7 72. Kc5 Kd8 73. Kc6 Kc8 74. d7+ Kd8 75. Kd6 g5 76. hxg6 h5 77. g7 h4 78. g8=Q# 1-0


[Site "https://www.chess.com"]

[Event "Titled Tuesday Blitz December 06 Early 2022"]
[White "Carrasco Miranda, Andres"]
[Black "Borgaonkar Akshay"]
[WhiteFideId "3405990"]
[BlackFideId "25639110"]
[WhiteElo "2183"]
[BlackElo "2063"]
[Result "0-1"]
[Round "05"]
[TimeControl "180+1"]
[Date "2022.12.07"]
[WhiteClock "0:01:51"]
[BlackClock "0:01:51"]

1. d4 Nf6 2. c4 e6 3. g3 d5 4. Bg2 Be7 5. Nf3 dxc4 6. O-O O-O 7. Qc2 Nc6 8. Qxc4 Bd7 9. Rd1 a6 10. a4 Na5 11. Qc2 Nc6 12. Nc3 Nb4 13. Qb3 Bc6 14. Bg5 Nfd5 15. Bxe7 Qxe7 16. Ne5 a5 17. Nxc6 bxc6 18. e4 Nb6 19. Na2 Nxa2 20. Qxa2 Rfd8 21. Rac1 Qb4 22. Rxc6 Rxd4 23. Rxd4 Qxd4 24. Qb3 Qxa4 25. Rxb6 Qa1+ 26. Bf1 cxb6 27. Qxb6 a4 28. Qc6 Rd8 29. Kg2 Qxb2 30. Qxa4 Qd4 31. Qxd4 Rxd4 32. Kf3 e5 33. h4 f6 34. Ke3 Kf8 35. f4 Ke7 36. Bh3 g6 37. Bg4 Ra4 38. Bh3 Ra3+ 39. Kf2 exf4 0-1


[Site "https://www.chess.com"]

[Event "Titled Tuesday Blitz December 06 Early 2022"]
[White "Caruana, Fabiano"]
[Black "Artemenko, Oleg"]
[WhiteFideId "2020009"]
[BlackFideId "14201798"]
[WhiteElo "2847"]
[BlackElo "2287"]
[Result "0-1"]
[Round "05"]
[TimeControl "180+1"]
[Date "2022.12.06"]
[WhiteClock "0:00:12"]
[BlackClock "0:00:05"]

1. e4 e6 2. d4 d5 3. Nc3 Nf6 4. e5 Nfd7 5. f4 c5 6. Nf3 Nc6 7. Ne2 Qb6 8. c3 f6 9. h4 cxd4 10. cxd4 fxe5 11. fxe5 Bb4+ 12. Bd2 O-O 13. Bxb4 Qxb4+ 14. Qd2 Qxd2+ 15. Kxd2 h6 16. h5 Nb6 17. b3 Bd7 18. Rh4 a5 19. a4 Rac8 20. Nf4 Nb4 21. Bd3 Nxd3 22. Nxd3 Rc6 23. Nc5 Bc8 24. Rc1 Nd7 25. Nd3 Rxc1 26. Kxc1 Nb8 27. Kd2 Nc6 28. Rf4 Re8 29. g4 b6 30. g5 Ne7 31. gxh6 gxh6 32. Nh4 Rf8 33. Rg4+ Kh7 34. Nf4 Bd7 35. Nhg6 Rf7 36. Nxe7 Rxe7 37. Rg6 Re8 38. Rf6 Kg7 39. Kc3 Rc8+ 40. Kb2 Re8 41. Ka3 Re7 42. b4 axb4+ 43. Kxb4 Re8 44. a5 bxa5+ 45. Kxa5 Bc8 46. Kb6 Re7 47. Kc6 Kh7 48. Kd6 Rd7+ 49. Kxe6 Kg7 50. Ng6 Rf7+ 51. Kxd5 Rxf6 52. exf6+ Kxf6 53. Ne5 Kg5 54. Kd6 Kxh5 55. d5 Kg5 56. Ke7 h5 57. Nf7+ Kf4 58. Nd6 Bg4 59. Nc4 h4 60. Nd2 Ke3 61. Nf1+ Kf2 62. Nh2 Bh3 63. d6 Kg2 64. Kf6 Kxh2 0-1


[Site "https://www.chess.com"]

[Event "Titled Tuesday Blitz December 06 Early 2022"]
[White "Chernomordik, Pavel"]
[Black "Ray, Sarathi"]
[WhiteFideId "2804530"]
[BlackFideId "2032490"]
[WhiteElo "2193"]
[BlackElo "2029"]
[Result "1-0"]
[Round "05"]
[TimeControl "180+1"]
[Date "2022.12.07"]
[WhiteClock "0:01:32"]
[BlackClock "0:01:06"]

1. e4 c5 2. Nc3 Nc6 3. Bb5 Nd4 4. Bc4 e6 5. Nge2 Nc6 6. O-O g6 7. d4 cxd4 8. Nxd4 Bg7 9. Ndb5 Bf8 10. Bf4 e5 11. Qd5 Qe7 12. Bg5 f6 13. Be3 Kd8 14. Qd2 Qb4 15. Bb3 a6 16. Bb6+ Ke7 17. Nd5+ 1-0


[Site "https://www.chess.com"]

[Event "Titled Tuesday Blitz December 06 Early 2022"]
[White "Chlpik, Martin"]
[Black "Liu, Casper"]
[WhiteFideId "14923351"]
[BlackFideId "1454153"]
[WhiteElo "2109"]
[BlackElo "2217"]
[Result "1-0"]
[Round "05"]
[TimeControl "180+1"]
[Date "2022.12.07"]
[WhiteClock "0:00:27"]
[BlackClock "0:00:52"]

1. d4 Nf6 2. c4 e6 3. Nc3 d5 4. e3 dxc4 5. Bxc4 c5 6. Nf3 Nc6 7. O-O cxd4 8. exd4 a6 9. a3 Be7 10. Bg5 O-O 11. Re1 h6 12. Bh4 Nd5 13. Bxe7 Ncxe7 14. Qd2 b5 15. Bb3 Nxc3 16. bxc3 Bb7 17. Ne5 Nd5 18. a4 Qh4 19. Nf3 Qg4 20. h3 Qg6 21. Bc2 Qh5 22. Re5 f5 23. Rxe6 Nf6 24. Bb3 Kh8 25. d5 Rad8 26. Ne5 Bxd5 27. Bxd5 Rxd5 28. Ng6+ Kg8 29. Ne7+ Kf7 30. Rxf6+ gxf6 31. Nxd5 Rd8 32. Rd1 f4 33. Qd4 Rd6 34. Qa7+ Kf8 35. Qe7+ Kg8 36. Qxd6 Qxd1+ 37. Kh2 Qd2 38. Nxf6+ Kh8 39. Qxd2 f3 40. Qxh6# 1-0


[Site "https://www.chess.com"]

[Event "Titled Tuesday Blitz December 06 Early 2022"]
[White "Ciuffoletti, Paolo"]
[Black "Hirneise, Jens"]
[WhiteFideId "807630"]
[BlackFideId "24614734"]
[WhiteElo "2143"]
[BlackElo "2345"]
[Result "0-1"]
[Round "05"]
[TimeControl "180+1"]
[Date "2022.12.07"]
[WhiteClock "0:00:20"]
[BlackClock "0:00:31"]

1. e4 e5 2. Bc4 Nc6 3. Nf3 Bc5 4. b4 Bxb4 5. c3 Bd6 6. d4 Nf6 7. O-O h6 8. Bb3 O-O 9. Nxe5 Nxe5 10. dxe5 Bxe5 11. f4 Bd6 12. e5 Bc5+ 13. Kh1 Nh7 14. f5 d6 15. f6 dxe5 16. fxg7 Kxg7 17. Qh5 Ng5 18. Bxg5 Qxg5 19. Rxf7+ Kh8 20. Rxf8+ Bxf8 21. Qxg5 hxg5 22. Nd2 Bd7 23. Rf1 Bc6 24. Nf3 Bxf3 25. Rxf3 Rd8 26. h3 Bd6 27. Re3 Rf8 28. Kh2 e4+ 29. Kh1 Rf1# 0-1


[Site "https://www.chess.com"]

[Event "Titled Tuesday Blitz December 06 Early 2022"]
[White "Czopor, Maciej"]
[Black "Grot, Blazej"]
[WhiteFideId "21805431"]
[BlackFideId "21835845"]
[WhiteElo "2324"]
[BlackElo "1823"]
[Result "1-0"]
[Round "05"]
[TimeControl "180+1"]
[Date "2022.12.07"]
[WhiteClock "0:00:05"]
[BlackClock "0:00:01"]

1. c4 c6 2. b3 d5 3. Bb2 Nf6 4. Nf3 Bf5 5. d3 e6 6. g3 Bd6 7. Bg2 O-O 8. O-O Nbd7 9. Nh4 Bg6 10. Nxg6 hxg6 11. Nd2 Qc7 12. e3 e5 13. Qe2 Rfe8 14. Rfd1 a5 15. a3 Rac8 16. h4 Qb8 17. g4 b5 18. g5 Nh7 19. cxd5 cxd5 20. Bxd5 Rc2 21. Rab1 e4 22. dxe4 Be5 23. Bxe5 Qxe5 24. Qf3 Qe7 25. Nf1 Ne5 26. Qg3 Qxa3 27. f4 Nd7 28. Bxf7+ Kxf7 29. Rxd7+ Re7 30. Rxe7+ Qxe7 31. e5 Nf8 32. h5 gxh5 33. f5 Qc5 34. g6+ Kg8 35. Rd1 Qc7 36. e6 Qe7 37. Ra1 Qf6 38. Rxa5 Qc3 39. e7 Qxa5 40. e8=Q Rc1 41. Qf7+ Kh8 42. Qxf8# 1-0


[Site "https://www.chess.com"]

[Event "Titled Tuesday Blitz December 06 Early 2022"]
[White "D`Arruda, Ricardo D."]
[Black "Godzwon, Iwo"]
[WhiteFideId "100692"]
[BlackFideId "21802483"]
[WhiteElo "2459"]
[BlackElo "2284"]
[Result "0-1"]
[Round "05"]
[TimeControl "180+1"]
[Date "2022.12.07"]
[WhiteClock "0:00:06"]
[BlackClock "0:01:02"]

1. d4 Nf6 2. Nf3 e6 3. g3 b6 4. Bg2 Bb7 5. O-O c5 6. c4 cxd4 7. Nxd4 Bxg2 8. Kxg2 Nc6 9. Nc3 Be7 10. b3 O-O 11. Bb2 Qc7 12. Rc1 Rfd8 13. e3 Qb7 14. Kg1 Ne5 15. Qe2 d5 16. cxd5 Nxd5 17. Nxd5 Rxd5 18. e4 Ra5 19. a4 Bf6 20. f4 Ng6 21. e5 Be7 22. Qg2 Rd5 23. Kh1 Bc5 24. Nf3 Rad8 25. Rc2 Rd3 26. Bc3 h6 27. Ne1 Qxg2+ 28. Kxg2 R3d5 29. Nf3 Ne7 30. Rd2 Nf5 31. Kh3 Rxd2 32. Bxd2 Rd3 33. b4 Be7 34. Kg2 Bxb4 35. Bc1 Bc5 36. Re1 Nd4 37. Nd2 Nc2 38. Re4 Ne3+ 39. Kh3 Rc3 40. Bb2 Rc2 41. Nb3 Rxb2 42. Nxc5 Nf1 43. Nd3 Rxh2+ 44. Kg4 h5+ 45. Kg5 Nxg3 46. Re1 Kh7 47. Nc1 Nf5 48. Rg1 Nd4 49. Rg3 a6 50. Nd3 b5 51. axb5 axb5 52. Nb4 Rh1 53. Nd3 h4 54. Rg2 h3 55. Rg3 h2 56. Nf2 Rg1 57. Kh4 h1=Q+ 0-1


[Site "https://www.chess.com"]

[Event "Titled Tuesday Blitz December 06 Early 2022"]
[White "Dardha, Daniel"]
[Black "Jobava, Baadur"]
[WhiteFideId "240990"]
[BlackFideId "13601520"]
[WhiteElo "2528"]
[BlackElo "2582"]
[Result "0-1"]
[Round "05"]
[TimeControl "180+1"]
[Date "2022.12.06"]
[WhiteClock "0:00:05"]
[BlackClock "0:00:47"]

1. c4 e5 2. g3 c6 3. d4 d6 4. Nc3 Be7 5. Nf3 Nd7 6. Bg2 Ngf6 7. O-O O-O 8. e4 Qe8 9. Qc2 Bd8 10. Rd1 Bb6 11. b3 exd4 12. Nxd4 Ne5 13. Ba3 Bc5 14. Bxc5 dxc5 15. Nde2 Bg4 16. h3 Nf3+ 17. Kh1 Nd4 18. Qd3 Bxe2 19. Nxe2 Rd8 20. f4 Qe7 21. e5 Nh5 22. Nxd4 Rxd4 23. Qf3 g6 24. Rxd4 cxd4 25. Re1 Rd8 26. g4 Ng7 27. f5 d3 28. e6 d2 29. Rd1 gxf5 30. gxf5 Qf6 31. exf7+ Kxf7 32. Rf1 Nxf5 33. Qh5+ Kg7 34. Qg4+ Qg6 35. Qxg6+ hxg6 36. Bf3 Ne3 37. Rf2 d1=Q+ 38. Bxd1 Rxd1+ 39. Kh2 Rd2 0-1


[Site "https://www.chess.com"]

[Event "Titled Tuesday Blitz December 06 Early 2022"]
[White "Darini, Pouria"]
[Black "Buscar, Michael"]
[WhiteFideId "12502200"]
[BlackFideId "2603616"]
[WhiteElo "2482"]
[BlackElo "2010"]
[Result "1-0"]
[Round "05"]
[TimeControl "180+1"]
[Date "2022.12.07"]
[WhiteClock "0:01:00"]
[BlackClock "0:00:20"]

1. c4 Nf6 2. Nf3 e6 3. g3 b6 4. Bg2 Bb7 5. O-O c5 6. Nc3 Be7 7. d4 cxd4 8. Qxd4 O-O 9. Rd1 a6 10. Bf4 Nc6 11. Qd2 Ra7 12. Bd6 Bxd6 13. Qxd6 Qb8 14. b3 Rd8 15. Qxb8 Nxb8 16. Rd6 Bc6 17. Rad1 Ne8 18. R6d2 d6 19. e4 Rad7 20. Nd4 Bb7 21. Na4 b5 22. cxb5 axb5 23. Nb6 b4 24. Nxd7 Nxd7 25. Nb5 Ne5 26. Nxd6 Ba6 27. Nxe8 Rxe8 28. Rd8 Kf8 29. Rxe8+ Kxe8 30. f4 1-0


[Site "https://www.chess.com"]

[Event "Titled Tuesday Blitz December 06 Early 2022"]
[White "De Souza, Cristiano Gomes"]
[Black "Quizon, Daniel"]
[WhiteFideId "2151758"]
[BlackFideId "5217911"]
[WhiteElo "2068"]
[BlackElo "2385"]
[Result "0-1"]
[Round "05"]
[TimeControl "180+1"]
[Date "2022.12.07"]
[WhiteClock "0:02:12"]
[BlackClock "0:02:42"]

1. d4 Nf6 2. c4 g6 3. Nc3 Bg7 4. e4 d6 5. Nf3 O-O 6. Be2 e5 7. O-O Nc6 8. d5 Ne7 9. Ne1 a5 10. Be3 b6 11. Nd3 Nd7 12. a3 f5 13. f3 f4 14. Bf2 g5 15. b4 h5 16. c5 Ng6 17. Rc1 Nf6 18. cxd6 cxd6 19. Nb5 g4 20. Nb2 h4 21. fxg4 Nxe4 22. Qe1 Ng5 23. Bd3 e4 24. Bc4 Bxb2 25. Rc2 Be5 26. Bxh4 Nxh4 27. Qxh4 Nf3+ 28. gxf3 Qxh4 0-1


[Site "https://www.chess.com"]

[Event "Titled Tuesday Blitz December 06 Early 2022"]
[White "Demin, Vladimir"]
[Black "Paiva, Henrique M A Albergaria"]
[WhiteFideId "4167457"]
[BlackFideId "1920995"]
[WhiteElo "2558"]
[BlackElo "1993"]
[Result "1-0"]
[Round "05"]
[TimeControl "180+1"]
[Date "2022.12.07"]
[WhiteClock "0:01:39"]
[BlackClock "0:01:21"]

1. e4 c5 2. Nf3 d6 3. d4 cxd4 4. Qxd4 Nf6 5. Bg5 e6 6. Nc3 a6 7. O-O-O Nc6 8. Qd2 h6 9. Bf4 e5 10. Be3 Be6 11. Kb1 Be7 12. h3 Rc8 13. Nh4 b5 14. Nf5 Bxf5 15. exf5 b4 16. Nd5 Nxd5 17. Qxd5 O-O 18. Bxa6 Rc7 19. Bb6 Nd4 20. Rxd4 exd4 21. Qa5 Rc5 22. Bxd8 Rxa5 23. Bxa5 Ra8 24. Bxb4 Rxa6 25. Rd1 Bf6 26. a3 Rb6 27. Rd3 Rb5 28. g4 h5 29. f3 h4 30. Be1 Re5 31. Bf2 Re2 32. Bxd4 Bg5 33. a4 Rh2 34. f4 Bxf4 35. a5 Rh1+ 36. Ka2 Rc1 37. c3 Re1 38. a6 Re8 39. a7 Ra8 40. b4 Be5 41. Be3 d5 42. b5 d4 43. Bxd4 Bxd4 44. Rxd4 Rxa7+ 45. Kb3 Ra1 46. Rb4 Rh1 47. b6 Rxh3 48. b7 Rg3 49. b8=Q+ Kh7 1-0


[Site "https://www.chess.com"]

[Event "Titled Tuesday Blitz December 06 Early 2022"]
[White "Durarbayli, Vasif"]
[Black "Paravyan, David"]
[WhiteFideId "13402935"]
[BlackFideId "4194985"]
[WhiteElo "2576"]
[BlackElo "2551"]
[Result "0-1"]
[Round "05"]
[TimeControl "180+1"]
[Date "2022.12.06"]
[WhiteClock "0:00:06"]
[BlackClock "0:00:11"]

1. e4 e5 2. Nf3 Nf6 3. Nxe5 d6 4. Nf3 Nxe4 5. d4 d5 6. Bd3 Bd6 7. O-O O-O 8. Re1 Bf5 9. Nc3 Nxc3 10. bxc3 Bxd3 11. Qxd3 h6 12. c4 dxc4 13. Qxc4 Nd7 14. Rb1 b6 15. Qd3 Nf6 16. c4 Qd7 17. Be3 Rfe8 18. h3 Rad8 19. Rbd1 a6 20. Qc2 Qc8 21. d5 Bb4 22. Rf1 Bc5 23. Bxc5 bxc5 24. Rfe1 Rxe1+ 25. Nxe1 c6 26. dxc6 Rxd1 27. Qxd1 Qxc6 28. Qd8+ Kh7 29. Nd3 Qe4 30. Nxc5 Qe1+ 31. Kh2 Qe5+ 32. Kg1 Qxc5 33. Qd3+ g6 34. Qc3 Kg7 35. g4 a5 36. h4 g5 37. h5 Qb4 38. Qd4 Qe1+ 39. Kh2 Qe4 40. Qc3 Qf4+ 41. Kh1 Qxg4 42. c5 Qxh5+ 43. Kg1 Qg4+ 44. Kf1 Qd1+ 45. Kg2 Qd5+ 46. Kg3 Kg6 47. f3 Qc6 48. Qd4 Nd7 49. Qd3+ Kg7 50. Qd4+ Kg8 0-1


[Site "https://www.chess.com"]

[Event "Titled Tuesday Blitz December 06 Early 2022"]
[White "Estrada Nieto, Julian"]
[Black "Salem, A.R. Saleh"]
[WhiteFideId "5101018"]
[BlackFideId "9301348"]
[WhiteElo "2195"]
[BlackElo "2633"]
[Result "0-1"]
[Round "05"]
[TimeControl "180+1"]
[Date "2022.12.07"]
[WhiteClock "0:00:04"]
[BlackClock "0:01:29"]

1. e4 c5 2. Nf3 Nc6 3. Bb5 e6 4. O-O Nge7 5. Re1 a6 6. Bxc6 bxc6 7. d4 cxd4 8. Qxd4 Ng6 9. c4 c5 10. Qd3 Be7 11. Nc3 O-O 12. Rd1 f5 13. exf5 Rxf5 14. Be3 Rxf3 15. gxf3 Qc7 16. Ne4 Nh4 17. Bg5 Bxg5 18. Nxg5 Nf5 19. Ne4 h6 20. b3 Qf4 21. Rac1 Nd4 22. Rc3 Bb7 23. Qe3 Qf5 24. Nd6 Qg6+ 25. Kf1 Bxf3 26. Ke1 Qg1+ 0-1


[Site "https://www.chess.com"]

[Event "Titled Tuesday Blitz December 06 Early 2022"]
[White "Eynullayev, Atilla"]
[Black "Ahn, Hongjin"]
[WhiteFideId "13413570"]
[BlackFideId "13201492"]
[WhiteElo "2181"]
[BlackElo "2182"]
[Result "0-1"]
[Round "05"]
[TimeControl "180+1"]
[Date "2022.12.07"]
[WhiteClock "0:01:11"]
[BlackClock "0:00:09"]

1. d4 c5 2. d5 d6 3. e4 g6 4. Bb5+ Bd7 5. a4 a6 6. Be2 Bg7 7. Nf3 Nf6 8. Nfd2 O-O 9. O-O Be8 10. Nc3 Nbd7 11. Re1 Rb8 12. a5 Qc8 13. Nc4 b5 14. axb6 Nxb6 15. Na5 h5 16. Qd3 Ra8 17. Bg5 Ra7 18. b3 Nh7 19. Bd2 f5 20. Bf3 f4 21. e5 dxe5 22. Nc6 Rc7 23. Qxa6 Qxa6 24. Rxa6 Nc8 25. Ne4 Bxc6 26. dxc6 Rd8 27. Nxc5 Rxd2 28. Ne6 Rxc6 29. Rxc6 Nd6 30. c4 g5 31. Bd5 Nf6 32. Nxg5+ Nxd5 33. cxd5 Rxd5 34. h3 Bf6 35. Ne4 Nxe4 36. Re3 Rd1+ 37. Kh2 fxe3 38. fxe3 Bg5 39. Rc8+ Kf7 40. g3 Bxe3 41. Kg2 Bh6 42. Kf3 Nf6 43. b4 e4+ 44. Ke2 Rd2+ 45. Ke1 e3 46. b5 h4 47. gxh4 Bf4 48. Kf1 Bg3 49. b6 e2+ 0-1


[Site "https://www.chess.com"]

[Event "Titled Tuesday Blitz December 06 Early 2022"]
[White "Fabris, Alberto"]
[Black "Fiedorek, Michal"]
[WhiteFideId "801348"]
[BlackFideId "1199528"]
[WhiteElo "2172"]
[BlackElo "2201"]
[Result "1-0"]
[Round "05"]
[TimeControl "180+1"]
[Date "2022.12.07"]
[WhiteClock "0:00:40"]
[BlackClock "0:00:02"]

1. d4 Nf6 2. Nf3 e6 3. Bf4 d5 4. e3 Bd6 5. Bd3 O-O 6. O-O Ne4 7. Nbd2 f5 8. Bxd6 cxd6 9. c4 Nxd2 10. Qxd2 dxc4 11. Bxc4 d5 12. Bd3 Nd7 13. Rac1 b6 14. Qc2 Nf6 15. Ne5 Bd7 16. Qc7 Qe7 17. a3 Rfc8 18. Qb7 Rcb8 19. Qc7 Kf8 20. f3 Rc8 21. Qb7 Rcb8 22. Qa6 b5 23. Rc7 Rb6 24. Qa5 Qd6 25. Rxa7 Rxa7 26. Qxa7 Ra6 27. Qb7 Rb6 28. Qa8+ Be8 29. Rc1 b4 30. a4 Rb8 31. Qa7 b3 32. Rc6 Qb4 33. Rc3 Qxa4 34. Qxb8 Qa1+ 35. Kf2 Qxb2+ 36. Rc2 Qb1 37. Rd2 Qc1 38. Re2 b2 39. Qxb2 1-0


[Site "https://www.chess.com"]

[Event "Titled Tuesday Blitz December 06 Early 2022"]
[White "Farmani Anosheh, Armin"]
[Black "Sava, Christiansen-Danut-Eugen"]
[WhiteFideId "24613240"]
[BlackFideId "1210114"]
[WhiteElo "2289"]
[BlackElo "1904"]
[Result "1-0"]
[Round "05"]
[TimeControl "180+1"]
[Date "2022.12.07"]
[WhiteClock "0:00:42"]
[BlackClock "0:00:53"]

1. e4 e6 2. d4 d5 3. Nd2 c5 4. Ngf3 Nc6 5. exd5 exd5 6. Bb5 a6 7. Bxc6+ bxc6 8. O-O Bd6 9. dxc5 Bxc5 10. c4 Ne7 11. cxd5 cxd5 12. Nb3 Bb6 13. h3 O-O 14. Re1 Bf5 15. Be3 Bxe3 16. Rxe3 Be4 17. Nfd4 Nf5 18. Nxf5 Bxf5 19. Nd4 Bg6 20. Qd2 Qb6 21. Rae1 h5 22. b3 Be4 23. f3 Bg6 24. h4 Rac8 25. Kh2 Qd6+ 26. g3 Qb6 27. Re5 Rfd8 28. R1e2 a5 29. Rg5 Qb4 30. Qf4 a4 31. g4 hxg4 32. h5 Bd3 33. Rd2 Rc2 34. Rxc2 Bxc2 35. Rxg7+ Kxg7 36. Ne6+ fxe6 37. Qxb4 axb3 38. Qe7+ Kh6 39. Qxd8 bxa2 40. Qf6+ Kxh5 41. f4 Bf5 42. Qg5# 1-0


[Site "https://www.chess.com"]

[Event "Titled Tuesday Blitz December 06 Early 2022"]
[White "Firouzja, Alireza"]
[Black "Yeremyan, Alen"]
[WhiteFideId "12573981"]
[BlackFideId "13308998"]
[WhiteElo "2904"]
[BlackElo "2159"]
[Result "1-0"]
[Round "05"]
[TimeControl "180+1"]
[Date "2022.12.06"]
[WhiteClock "0:00:48"]
[BlackClock "0:01:28"]

1. d4 Nf6 2. c4 g6 3. Nc3 d5 4. cxd5 Nxd5 5. e4 Nxc3 6. bxc3 Bg7 7. Bc4 O-O 8. Ne2 c5 9. h4 cxd4 10. cxd4 Qc7 11. Bb3 h5 12. Be3 Nc6 13. Rc1 Qa5+ 14. Kf1 Bg4 15. f3 Bd7 16. Rc5 Qd8 17. g4 hxg4 18. h5 gxf3 19. Nf4 e6 20. hxg6 Qf6 21. Nh5 Qe7 22. Nxg7 Kxg7 23. Bh6+ Kg8 24. Bxf8 Rxf8 25. g7 Rd8 26. Qxf3 Nxd4 27. Qg4 Qf6+ 28. Kg2 1-0


[Site "https://www.chess.com"]

[Event "Titled Tuesday Blitz December 06 Early 2022"]
[White "Gabdrakhmanov, Azat"]
[Black "Leve, Nitai"]
[WhiteFideId "34189197"]
[BlackFideId "2006898"]
[WhiteElo "2254"]
[BlackElo "2144"]
[Result "1-0"]
[Round "05"]
[TimeControl "180+1"]
[Date "2022.12.07"]
[WhiteClock "0:00:17"]
[BlackClock "0:00:03"]

1. e4 e6 2. d3 d5 3. Nd2 Nf6 4. g3 b6 5. Bg2 Bb7 6. e5 Nfd7 7. Ngf3 c5 8. O-O Nc6 9. Re1 Qc7 10. Qe2 O-O-O 11. h4 h6 12. h5 d4 13. c3 dxc3 14. bxc3 g5 15. hxg6 fxg6 16. d4 cxd4 17. cxd4 Kb8 18. Ne4 g5 19. Bh3 Nb4 20. Bb2 Qc2 21. Rab1 Qxe2 22. Rxe2 Ba6 23. Re3 Re8 24. Nf6 Nxf6 25. exf6 Nd5 26. Ree1 Bb4 27. Rec1 Bd3 28. Ra1 1-0


[Site "https://www.chess.com"]